 Dungeon Crawl Stone Soup version 0.28-a0-239-g68911e0c57 (webtiles) character file.

Game seed: 14428766135253711438

107 senseless the Slasher (level 4, -3/35 HPs)
             Began as a Demonspawn Monk on Aug 23, 2021.
             Was a Priest of Okawaru.
             Slain by a gnoll (4 damage)
             ... on level 3 of the Dungeon.
             The game lasted 00:05:23 (3189 turns).

senseless the Slasher (Demonspawn Monk)             Turns: 3189, Time: 00:05:23

Health: -3/35      AC:  3    Str: 13    XL:     4   Next: 57%
Magic:  4/4        EV: 16    Int: 11    God:    Okawaru [***...]
Gold:   66         SH:  0    Dex: 15    Spells: 3/3 levels left

rFire   . . .      SeeInvis .   a - +0 falchion
rCold   . . .      Faith    +   (no shield)
rNeg    . . .      Spirit   .   b - +1 robe
rPois   +          Reflect  .   (no helmet)
rElec   .          Harm     .   (no cloak)
rCorr   .          Rampage  .   (no gloves)
Will    .....                   (no boots)
Stlth   ++++......              e - amulet of faith
HPRegen 0.11/turn               h - ring of poison resistance
MPRegen 0.09/turn               (no ring)

@: heroic
A: claws 1, powered by pain 1
a: Renounce Religion, Heroism


You were on level 3 of the Dungeon.
You worshipped Okawaru.
Okawaru was most pleased with you.
You visited 1 branch of the dungeon, and saw 3 of its levels.

You collected 66 gold pieces.

Inventory:

Hand Weapons
 a - a +0 falchion (weapon)
Armour
 b - a +1 robe (worn)
Jewellery
 e - an amulet of faith (around neck)
 h - a ring of poison resistance (left claw)
Wands
 i - a wand of polymorph (12)
Scrolls
 d - a scroll of fear {unknown}
 f - 4 scrolls of identify
Potions
 c - 3 potions of mutation {unknown}
 g - a potion of brilliance {unknown}


   Skills:
 + Level 3.5(8.5) Fighting
 + Level 3.7(8.7) Long Blades
 + Level 3.3(8.3) Dodging
 + Level 2.5(7.5) Stealth


You had 3 spell levels left.
You didn't know any spells.
Your spell library contained the following spells:

 Spells                   Type           Power      Damage    Failure   Level
 Corpse Rot               Necr/Air       N/A        N/A       47%         2
 Poisonous Vapours        Pois/Air       0%         N/A       47%         2
 Slow                     Hex            0%         N/A       47%         2
 Confusing Touch          Hex            0%         N/A       71%         3
 Dispel Undead            Necr           0%         3d6       98%         4
 Freezing Cloud           Conj/Ice/Air   0%         6-21      100%        5
 Yara's Violent Unravell  Hex/Tmut       0%         3d3       100%        5
 Death Channel            Necr           Unusable   N/A       N/A         6

Dungeon Overview and Level Annotations

Branches:
Dungeon (3/15)

Altars:
Elyvilon
Okawaru

Annotations:
D:3 2 runed translucent doors, PeterLawrence's ghost, amateur MiFi


Innate Abilities, Weirdness & Mutations

You have sharp fingernails.
You sometimes gain a little power by taking damage.


Message History

f - 4 scrolls of identify (gained 1)
Found a stone staircase leading up.
A gnoll comes into view. It is wielding a +0 spear.
A gnoll comes into view. It is wielding a +0 club.
The gnoll shouts!
You gain the combat prowess of a mighty hero.
The gnoll closely misses you.
You riposte.
The gnoll shouts!
You hit the gnoll.
The gnoll is lightly wounded.
A gnoll comes into view. It is wielding a +0 halberd.
The gnoll shouts!
You hit the gnoll but do no damage.
The gnoll is lightly wounded.
The gnoll hits you with a +0 club.
You barely miss the gnoll.
The gnoll is lightly wounded.
The gnoll hits you with a +0 club. The gnoll barely misses you.
You closely miss the gnoll.
The gnoll is lightly wounded.
The gnoll closely misses you. The gnoll misses you.
You hit the gnoll.
The gnoll is moderately wounded.
The gnoll hits you with a +0 club. The gnoll closely misses you.
You slash the gnoll!
The gnoll is almost dead.
The gnoll misses you. x2
You barely miss the gnoll. You claw the gnoll.
You kill the gnoll!
Okawaru accepts your kill. The gnoll hits you with a +0 spear.
The gnoll hits you from afar with a +0 halberd!
* * * LOW HITPOINT WARNING * * *
You focus on the pain.
You feel your power returning.
Things that are here:
a +0 club; a gnoll corpse You are too injured to fight recklessly!
You are too injured to fight recklessly!
The gnoll hits you from afar with a +0 spear.
You die...

##.....#
#.#.#
≈r#..##.#
#.#.#
≈≈+..##.#
###.#.#
≈≈#.###.###
#.....#
#######...##
#####.#.#.##
##..##.##
#..........#
### #.#.###.#
#.###.###.##
..###.#..##.#
#.# #..< .#
...##.##.##.#
#@# ##### #
#..........##
#)#
##.####...##
#g# #.# ##..#
#g# #.# #...#
#.. #.# #..##
### #.# #..#
#.# #..#
##.####..#


You could see 2 gnolls.

Vanquished Creatures
  A bullfrog zombie (D:3)
  A gnoll (D:3)
  An adder (D:3)
  A worm (D:2)
  2 dart slugs
  4 ball pythons
  6 bats
  4 endoplasms
  A giant cockroach (D:2)
  3 goblins
  5 hobgoblins
  4 jackals (D:1)
  2 quokkas
  5 frilled lizards
  7 kobolds
  7 rats
54 creatures vanquished.

Vanquished Creatures (others)
  2 demonic plants (D:3)
2 creatures vanquished.

Grand Total: 56 creatures vanquished

Notes
Turn   | Place    | Note
-------+----------+-------------------------------------------
     0 | D:1      | senseless the Demonspawn Monk began the quest for the Orb.
     0 | D:1      | Reached XP level 1. HP: 18/18 MP: 1/1
   416 | D:1      | Gained mutation: You have sharp fingernails. [demonic
                  | ancestry]
   416 | D:1      | Reached XP level 2. HP: 21/24 MP: 2/2
   434 | D:1      | HP: 1/24 [jackal (2)]
   460 | D:1      | HP: 1/24 [jackal (2)]
  1477 | D:2      | Reached XP level 3. HP: 28/29 MP: 3/3
  2466 | D:3      | Found a runed translucent door.
  2466 | D:3      | Noticed PeterLawrence's ghost (amateur MiFi)
  2745 | D:3      | Found a faded altar of an unknown god.
  2745 | D:3      | Noticed an orange demon
  2755 | D:3      | Became a worshipper of Warmaster Okawaru
  2755 | D:3      | Reached * piety under Okawaru
  2755 | D:3      | Reached ** piety under Okawaru
  2848 | D:3      | Found a runed translucent door.
  2964 | D:3      | Gained mutation: You sometimes gain a little power by
                  | taking damage. [demonic ancestry]
  2964 | D:3      | Reached XP level 4. HP: 35/35 MP: 4/4
  2969 | D:3      | Reached *** piety under Okawaru
  3188 | D:3      | HP: 1/35 [gnoll (15)]
  3189 | D:3      | Slain by a gnoll

Illustrated notes

Levels and vault maps discovered:
D:1:      nagdon_arrival_double_spiral, layout_loops_corners
D:2:      layout_basic
D:3:      layout_loops_ring, elyvilon_altar_5, ebering_ghost_sewer_f,
          dreamdust_ecumenical_altar_sealed_demon

Skill      XL: |  1  2 |
---------------+-------+-----
Long Blades    | 3 |  3.7
Stealth        | 2 |  2.5
Dodging        | 3 |  3.3
Fighting       | |  3.5

Action                   |  1- 3 |  4- 6 || total
-------------------------+-------+-------++-------
Melee: Falchion          |   140 |    18 ||   158
       Punch             |       |     1 ||     1
Invok: Heroism           |       |     1 ||     1
  Use: Scroll            |     6 |       ||     6
 Stab: Sleeping          |    12 |       ||    12
Armor: Robe              |    35 |       ||    35
Dodge: Dodged            |    96 |    16 ||   112
       Rpst.: Falchion   |    27 |     4 ||    31

Table legend: (Time is in decaauts)
 A = Elapsed time spent in this place.
 B = Non-inter-level travel time spent in this place.
 C = Inter-level travel time spent in this place.
 D = Time resting spent in this place.
 E = Time spent auto-exploring this place.
 F = Levels seen in this place.
 G = Mean time per level.
                   A        B        C        D        E       F      G
               +--------+--------+--------+--------+--------+-----+--------+
         Total |   3209 |   3159 |     50 |      0 |   2664 |   3 | 1069.7 |
       Dungeon |   3209 |   3159 |     50 |      0 |   2664 |   3 | 1069.7 |
               +--------+--------+--------+--------+--------+-----+--------+

Top non-repeatable levels by time:
     D:1: 1417 daAuts
     D:3: 922 daAuts
     D:2: 869 daAuts
